 Dungeon Crawl Stone Soup version 0.22.1-1-ga44c0e5 (webtiles) character file.

720 Velaskes the Digger (level 7, -1/36 HPs)
             Began as a Gargoyle Earth Elementalist on Nov 4, 2018.
             Was a Follower of Vehumet.
             Slain by Duvessa
             ... wielding a +0 short sword
              (10 damage)
             ... on level 5 of the Dungeon.
             The game lasted 00:24:38 (3994 turns).

Velaskes the Digger (Gargoyle Earth Elementalist)   Turns: 3994, Time: 00:24:38

Health: -1/36      AC: 11    Str: 11    XL:     7   Next: 70%
Magic:  8/15       EV: 11    Int: 17    God:    Vehumet [*.....]
Gold:   172        SH:  4    Dex: 11    Spells: 12/16 levels left

rFire    . . .     SeeInvis +   t - staff of wizardry
rCold    . . .     Gourm    .   (no shield)
rNeg     + . .     Faith    .   k - +0 ring mail
rPois    ∞         Spirit   .   (no helmet)
rElec    +         Reflect  +   (no cloak)
rCorr    .         Harm     .   j - +0 pair of gloves
MR       .....                  (no boots)
Stlth    +.........             i - +4 amulet of reflection
HPRegen  0.12/turn              s - ring of see invisible
MPRegen  0.14/turn              (no ring)

@: no status effects
A: negative energy resistance 1, electricity resistance, unbreathing,
petrification resistance, rot immunity, AC +4
a: Renounce Religion


You were on level 5 of the Dungeon.
You worshipped Vehumet.
Vehumet was aware of your devotion.
You were very hungry.

You visited 1 branch of the dungeon, and saw 5 of its levels.

You collected 172 gold pieces.

Inventory:

Hand Weapons
 f - a +0 short sword
 p - a +0 whip
 u - a +3 scythe of slicing
Missiles
 b - 40 stones (quivered)
Armour
 c - a +0 robe
 j - a +0 pair of gloves (worn)
 k - a +0 ring mail (worn)
 m - a +0 plate armour
Magical Staves
 t - an uncursed staff of wizardry (weapon)
Jewellery
 i - a +4 amulet of reflection (around neck)
 s - a ring of see invisible (left hand)
Wands
 g - a wand of disintegration (9)
Scrolls
 e - 5 scrolls of identify
 h - a scroll of teleportation
 q - 4 scrolls of remove curse
Potions
 a - 3 potions of curing
 l - a potion of might {unknown}
 n - a potion of cancellation {unknown}
 o - a potion of lignification {unknown}
 r - a potion of mutation {unknown}
Comestibles
 d - 6 rations


   Skills:
 + Level 0.2 Fighting
 + Level 0.1 Short Blades
 + Level 0.7 Maces & Flails
 + Level 1.3 Armour
 + Level 2.2 Dodging
 + Level 2.7 Stealth
 + Level 5.3 Spellcasting
 + Level 0.7 Transmutations
 + Level 7.2 Earth Magic


You had 12 spell levels left.
You knew the following spells:

 Your Spells              Type           Power        Failure   Level  Hunger
a - Sandblast             Erth           ####..       1%          1    None
b - Flame Tongue          Conj/Fire      #....        13%         1    None
c - Passwall              Tmut/Erth      ###.....     4%          2    #......

Your spell library contained the following spells:

 Spells                   Type           Power        Failure   Level  Hunger
 Stone Arrow              Conj/Erth      ###...       9%          3    ##.....
 Lee's Rapid Deconstruct  Erth           ####......   19%         5    ######.
 Petrify                  Tmut/Erth      ###.....     26%         4    ####...


Dungeon Overview and Level Annotations

Branches:
Dungeon (5/15)
 Temple: D:4-7

Altars:
Fedhas
Nemelex Xobeh
Vehumet
Yredelemnul

Annotations:
D:5 Duvessa


Innate Abilities, Weirdness & Mutations

You are resistant to torment.
Your stone body is resilient. (AC +4)
You are immune to poison.
You resist negative energy. (rN+)
You are resistant to electric shocks. (rElec)
You can survive without breathing.
You are immune to petrification.
You are immune to rotting.


Message History

A rock wall.
Duvessa hits you but does no damage. x2; You block the centaur zombie's attack.
You begin to meditate on the wall.
You continue meditating on the rock.
Duvessa misses you. The centaur zombie hits you.
You continue meditating on the rock.
Duvessa hits you with a short sword. The centaur zombie closely misses you.
Duvessa hits you but does no damage.
You finish merging with the rock.
You hear a shout!
You hear a shout!
Duvessa hits you with a short sword!
* * * LOW HITPOINT WARNING * * *
Okay, then.
Okay, then.
Okay, then.
Aiming: Disintegrate
Press: ? - help, Shift-Dir - straight line, f - Duvessa
Aim: Duvessa, wielding a short sword and wearing a ring mail (lightly wounded, Duvessa is blasted.
Duvessa hits you with a short sword!
You die...

....###.................#
.##...................####
.....................#
...#...............#
#)#...............####
#..Z!................###
##............).[.......
#.####.......<.<.......
#....#..#..@......(.##.
#....Z.e#.e.......###
###.....#Z..........
#.............#.###
#....##......##...
#....######### ##. ######
..


You could see Duvessa (berserk) and a centaur zombie.

Vanquished Creatures
  Sigmund (D:5)
  A necrophage (D:4)
  Dowan (D:5)
  A howler monkey (D:4)
  4 orc wizards (D:4)
  A centaur skeleton (D:4)
  An orc priest (D:4)
  Jessica (D:3)
  11 adders
  An ooze (D:4)
  7 worms
  A dart slug (D:4)
  13 orcs
  2 ball pythons
  4 giant cockroaches
  4 goblins
  A hobgoblin (D:3)
  3 jackals (D:2)
  3 quokkas (D:4)
  7 bats
  4 frilled lizards
  5 kobolds
  3 rats
80 creatures vanquished.

Notes
Turn   | Place    | Note
-------+----------+-------------------------------------------
     0 | D:1      | Velaskes the Gargoyle Earth Elementalist began the quest
                  | for the Orb.
     0 | D:1      | Reached XP level 1. HP: 10/10 MP: 3/3
   647 | D:1      | Reached skill level 4 in Earth Magic
   647 | D:1      | Reached XP level 2. HP: 15/15 MP: 3/5
  1117 | D:2      | Reached XP level 3. HP: 15/19 MP: 2/6
  1433 | D:2      | Reached XP level 4. HP: 24/24 MP: 4/8
  1886 | D:3      | Reached skill level 5 in Earth Magic
  2036 | D:3      | Found a blossoming altar of Fedhas.
  2126 | D:3      | Noticed Jessica
  2129 | D:3      | Killed Jessica
  2129 | D:3      | Reached XP level 5. HP: 28/28 MP: 7/9
  2637 | D:3      | Found a radiant altar of Vehumet.
  2642 | D:3      | Became a worshipper of Vehumet
  2652 | D:3      | Found a sparkling altar of Nemelex Xobeh.
  3046 | D:4      | Reached skill level 1 in Armour
  3046 | D:4      | Reached XP level 6. HP: 28/32 MP: 0/12
  3216 | D:4      | Reached skill level 6 in Earth Magic
  3563 | D:4      | Noticed a necrophage
  3570 | D:4      | Killed a necrophage
  3570 | D:4      | Reached XP level 7. HP: 36/36 MP: 7/13
  3595 | D:4      | Found a basalt altar of Yredelemnul.
  3600 | D:4      | Reached * piety under Vehumet
  3600 | D:4      | Offered knowledge of Flame Tongue by Vehumet.
  3682 | D:4      | Learned a level 1 spell: Flame Tongue
  3687 | D:4      | Learned a level 2 spell: Passwall
  3883 | D:5      | Entered Level 5 of the Dungeon
  3883 | D:5      | Noticed Sigmund
  3889 | D:5      | Killed Sigmund
  3889 | D:5      | Reached skill level 5 in Spellcasting
  3889 | D:5      | Reached skill level 7 in Earth Magic
  3973 | D:5      | Noticed Dowan
  3975 | D:5      | Noticed Duvessa
  3977 | D:5      | Killed Dowan
  3994 | D:5      | Slain by Duvessa

Skill      XL: |  1  2  3  4  5  6  7 |
---------------+----------------------+-----
Earth Magic    | 4 5 6 7 |  7.2
Spellcasting   | 3 4 5 |  5.3
Armour         | 1 |  1.3
Dodging        | 2 |  2.2
Fighting       | |  0.2
Short Blades   | |  0.1
Maces & Flails | |  0.7
Stealth        | |  2.7
Transmutations | |  0.7

Action                   |  1- 3 |  4- 6 |  7- 9 || total
-------------------------+-------+-------+-------++-------
Melee: Short sword       |    29 |       |       ||    29
       Whip              |     8 |    25 |       ||    33
 Cast: Sandblast         |    30 |    84 |    23 ||   137
       Passwall          |       |       |     2 ||     2
Evoke: Wand              |       |       |     1 ||     1
  Use: Scroll            |     6 |       |       ||     6
       Potion            |     2 |       |       ||     2
  Eat: Ration            |     1 |     1 |       ||     2
       Chunk             |       |     2 |       ||     2
Armor: Robe              |    13 |       |       ||    13
       Ring mail         |     6 |    39 |     4 ||    49
       Plate armour      |     9 |       |       ||     9
Dodge: Dodged            |    40 |    36 |     3 ||    79
Block: Other             |     9 |    14 |     1 ||    24
